 Dungeon Crawl Stone Soup version 0.28.0-47-ge53b351184 (webtiles) character file.

Game seed: 10113955560670461621

4276 Cak3Hol3 the Cleaver (level 10, -5/77 HPs)
             Began as a Hill Orc Fighter on May 3, 2022.
             Was a Follower of Trog.
             Succumbed to a water moccasin's poison
             ... on level 8 of the Dungeon.
             The game lasted 00:40:13 (7832 turns).

Cak3Hol3 the Cleaver (Hill Orc Fighter)             Turns: 7832, Time: 00:40:14

Health: -5/77      AC: 10    Str: 24    XL:     10   Next: 31%
Magic:  10/10      EV:  9    Int:  8    God:    Trog [*.....]
Gold:   331        SH:  9    Dex: 10    Spells: 9/9 levels left

rFire   . . .      SeeInvis +   V - +2 flail (vorpal)
rCold   . . .      Faith    .   I - +0 kite shield
rNeg    . . .      Spirit   .   b - +3 scale mail
rPois   .          Reflect  .   (no helmet)
rElec   .          Harm     .   (no cloak)
rCorr   .          Rampage  .   (no gloves)
Will    .....                   (no boots)
Stlth   ..........              (no amulet)
HPRegen 0.22/turn               t - ring of see invisible
MPRegen 0.12/turn               D - +4 ring of slaying

@: lethally poisoned (-5 -> -26), on berserk cooldown, slowed, studying
Throwing, very slow
A: fangs 1, frail 1
a: Renounce Religion, Berserk


You were on level 8 of the Dungeon.
You worshipped Trog.
Trog was aware of your devotion.
You visited 2 branches of the dungeon, and saw 9 of its levels.

You collected 331 gold pieces.

Inventory:

Hand Weapons
 a - a +0 war axe
 l - a +0 hand axe
 o - a +0 hand axe
 q - a +0 mace
 x - a +0 long sword
 E - a +0 battleaxe
 P - a +2 short sword of venom
 Q - a +0 halberd
 U - a +0 morningstar
 V - a +2 vorpal flail (weapon)
Missiles
 c - 2 throwing nets
 m - 92 arrows
 r - 293 stones (quivered)
Armour
 b - a +3 scale mail (worn)
 p - the +1 robe of Refuge {rPois rC+ MP-9 Stlth+}
   (You found it on level 2 of the Dungeon)

   rC:        It protects you from cold.
   rPois:     It protects you from poison.
   MP:        It affects your magic capacity (-9).
   Stlth:     It makes you more stealthy.
 s - a +0 chain mail
 F - a +0 chain mail
 I - a +0 kite shield (worn)
Magical Staves
 z - a staff of poison
 N - a staff of death
Jewellery
 t - a ring of see invisible (left hand)
 D - a +4 ring of slaying (right hand)
 O - a ring of poison resistance
Wands
 y - a wand of mindburst (8)
Scrolls
 e - a scroll of vulnerability {unknown}
 f - 3 scrolls of brand weapon {unknown}
 i - 7 scrolls of identify {unknown}
 j - a scroll of summoning {unknown}
 k - 2 scrolls of teleportation {unknown}
 n - a scroll of noise {unknown}
 B - a scroll of immolation {unknown}
 C - a scroll of blinking {unknown}
 G - a scroll of enchant weapon {unknown}
 H - 3 scrolls of fear {unknown}
 J - a scroll of enchant armour {unknown}
 L - a scroll of fog {unknown}
 S - a scroll of amnesia {unknown}
Potions
 d - a potion of might
 g - 2 potions of resistance {unknown}
 h - 3 potions of flight
 u - 3 potions of curing
 v - 2 potions of magic {unknown}
 w - 2 potions of mutation
 A - 2 potions of heal wounds {unknown}
 K - 2 potions of degeneration {unknown}
 M - a potion of attraction {unknown}
 R - a potion of haste
 T - a potion of lignification {unknown}


   Skills:
 + Level 7.1 Fighting
 + Level 14.2(14.3) Axes
 * Level 2.1(8.0) Maces & Flails
 + Level 7.2 Armour
 + Level 2.4 Dodging
 + Level 1.2 Stealth
 + Level 5.4 Shields


You had 9 spell levels left.
You didn't know any spells.
Your spell library contained the following spells:

 Spells                   Type           Power      Damage    Failure   Level
 Freeze                   Ice            0%         1d3       95%         1
 Corpse Rot               Necr/Air       0%         N/A       99%         2
 Poisonous Vapours        Pois/Air       0%         N/A       99%         2
 Call Canine Familiar     Summ           0%         N/A       100%        3
 Frozen Ramparts          Ice            0%         1d2       100%        3
 Ozocubu's Armour         Ice            0%         N/A       100%        3
 Portal Projectile        Hex/Tloc       0%         N/A       100%        3
 Tukima's Dance           Hex            0%         N/A       100%        3
 Anguish                  Hex/Necr       0%         N/A       100%        4
 Hailstorm                Conj/Ice       0%         3d3       100%        4
 Ice Form                 Ice/Tmut       0%         N/A       100%        4
 Leda's Liquefaction      Hex/Erth       0%         N/A       100%        4
 Passage of Golubria      Tloc           0%         N/A       100%        4
 Blade Hands              Tmut           0%         N/A       100%        5
 Excruciating Wounds      Necr           0%         N/A       100%        5
 Metabolic Englaciation   Hex/Ice        0%         N/A       100%        5
 Yara's Violent Unravell  Hex/Tmut       0%         3d3       100%        5
 Simulacrum               Ice/Necr       0%         N/A       100%        6
 Enfeeble                 Hex            0%         N/A       100%        7


Dungeon Overview and Level Annotations

Branches:
Dungeon (8/15)             Temple (1/1) D:4            Lair (0/6) D:8

Altars:
Ashenzari
Elyvilon
Hepliaklqana
Makhleb
Ru
Trog
The Shining One


Innate Abilities, Weirdness & Mutations

You have very sharp teeth.
You are frail. (-10% HP)


Message History

You barely miss the yak.
The yak is moderately wounded.
The yak gores you but does no damage. The yak gores you!
* * * LOW HITPOINT WARNING * * *
You barely miss the yak.
The yak is moderately wounded.
The yak gores you.
* * * LOW HITPOINT WARNING * * *
You bludgeon the yak!!
The yak is almost dead.
You block the yak's attack. The yak closely misses you.
You sock the yak!
You kill the yak!
Trog accepts your kill. The yak gores you!
* * * LOW HITPOINT WARNING * * *
Your base Maces & Flails skill increases to level 2!
You closely miss the water moccasin. You bite the water moccasin.
The water moccasin is moderately wounded.
You block the water moccasin's attack.
The water moccasin bites you but does no damage.
You bludgeon the water moccasin!!
The water moccasin is almost dead.
The water moccasin bites you!
* * * LOW HITPOINT WARNING * * *
You are poisoned.
The water moccasin poisons you!
You closely miss the water moccasin.
The water moccasin is almost dead.
* * * LOW HITPOINT WARNING * * *
You feel sick. The water moccasin bites you.
* * * LOW HITPOINT WARNING * * *
You are more poisoned.
The water moccasin poisons you!
You are no longer berserk.
You are exhausted.
You feel yourself slow down.
* * * LOW HITPOINT WARNING * * *
You feel very sick.
You die...

........#
##.####.# #.#
#.# #.# #.# #.#
#.# # #.# #.#
#.# #.# #.#
.#.#.##.####.#
.......Y.S.@.#
#.#.#.##†######
........†.#
..#####.#.#
...###....#.#
P.........#.#
♣.........#.#
[..PP...###.#
P........ ..#


You could see a yak and a water moccasin.

Vanquished Creatures
  Harold (D:7)
  8 yaks
  A wyvern (D:8)
  A basilisk (D:8)
  A steam dragon (D:7)
  2 water moccasins
  An orc warrior (D:7)
  2 ice beasts
  A black bear (D:6)
  A sky beast (D:6)
  4 ogres
  2 phantoms (D:5)
  A bullfrog (D:6)
  2 scorpions
  A water moccasin zombie (D:6)
  2 howler monkeys (D:7)
  2 bullfrog zombies
  5 hounds
  A bullfrog skeleton (D:6)
  A centaur skeleton (D:5)
  3 orc priests
  2 iguanas
  A killer bee zombie (D:8)
  A hound skeleton (D:4)
  2 howler monkey zombies
  3 gnolls (D:6)
  7 adders
  2 white imps (D:7)
  An adder skeleton (D:4)
  A worm (D:2)
  3 dart slugs
  12 orcs
  5 ball pythons
  4 endoplasms
  2 giant cockroaches
  9 hobgoblins
  11 jackals
  A quokka (D:3)
  3 bats
  3 frilled lizards
  6 goblins
  6 kobolds
  3 rats
131 creatures vanquished.

Vanquished Creatures (others)
  3 plants (D:8)
3 creatures vanquished.

Grand Total: 134 creatures vanquished

Notes
Turn   | Place    | Note
-------+----------+-------------------------------------------
     0 | D:1      | Cak3Hol3 the Hill Orc Fighter began the quest for the Orb.
     0 | D:1      | Reached XP level 1. HP: 19/19 MP: 1/1
    48 | D:1      | Reached skill level 3 in Axes
    61 | D:1      | Reached XP level 2. HP: 27/27 MP: 2/2
   505 | D:1      | Reached XP level 3. HP: 30/33 MP: 3/3
   668 | D:1      | Found a faded altar of an unknown god.
   912 | D:2      | Reached skill level 4 in Axes
  1273 | D:2      | Reached XP level 4. HP: 36/40 MP: 4/4
  2014 | D:2      | Identified the +1 robe of Refuge {rPois rC+ MP-9 Stlth+}
  2029 | D:3      | Reached skill level 5 in Axes
  2113 | D:3      | Reached XP level 5. HP: 46/46 MP: 5/5
  3011 | D:4      | Found a staircase to the Ecumenical Temple.
  3050 | Temple   | Entered the Ecumenical Temple
  3188 | Temple   | Became a worshipper of Trog the Wrathful
  3281 | D:4      | Reached skill level 6 in Axes
  3452 | D:4      | Reached XP level 6. HP: 53/53 MP: 6/6
  4074 | D:5      | Entered Level 5 of the Dungeon
  4163 | D:5      | Reached skill level 7 in Axes
  4296 | D:5      | Reached XP level 7. HP: 52/60 MP: 7/7
  4298 | D:5      | Reached skill level 1 in Dodging
  4300 | D:5      | Reached skill level 8 in Axes
  4439 | D:5      | Reached skill level 1 in Stealth
  4442 | D:5      | Reached skill level 9 in Axes
  4868 | D:6      | Reached skill level 5 in Armour
  4868 | D:6      | Reached XP level 8. HP: 56/67 MP: 8/8
  4941 | D:6      | Reached skill level 5 in Fighting
  4941 | D:6      | Reached skill level 10 in Axes
  5067 | D:6      | Reached * piety under Trog
  5216 | D:6      | Found a sacrificial altar of Ru.
  5314 | D:6      | Reached skill level 11 in Axes
  5447 | D:6      | Noticed a yak
  5448 | D:6      | Noticed a yak
  5448 | D:6      | Noticed a yak
  5448 | D:6      | Noticed a yak
  5472 | D:6      | Noticed a yak
  5473 | D:6      | Killed a yak
  5474 | D:6      | Reached XP level 9. HP: 71/75 MP: 9/9
  5479 | D:6      | Reached skill level 12 in Axes
  5934 | D:6      | Found a burning altar of Makhleb.
  5964 | D:7      | Reached skill level 13 in Axes
  6016 | D:7      | Noticed Harold
  6505 | D:7      | Gained mutation: You have very sharp teeth. [potion of
                  | mutation]
  6505 | D:7      | Gained mutation: You are frail. (-10% HP) [potion of
                  | mutation]
  6973 | D:7      | Killed Harold
  6974 | D:7      | Reached skill level 5 in Shields
  6974 | D:7      | Reached XP level 10. HP: 54/75 MP: 10/10
  6996 | D:7      | Reached skill level 14 in Axes
  7788 | D:8      | Found a staircase to the Lair.
  7805 | D:8      | Reached skill level 1 in Maces & Flails
  7831 | D:8      | HP: 1/77 [poisoned by a water moccasin]
  7832 | D:8      | Succumbed to a water moccasin's poison

Illustrated notes

Levels and vault maps discovered:
D:1:      heliophobic_arrival_dark_side_of_the_moon, layout_rooms,
          hellmonk_ecumenical_altar_run_dry,
          nicolae_concentric_dashed_squares_wild
D:2:      layout_loops_corners
D:3:      layout_basic
D:4:      layout_cave_pods, minmay_temple_entry_waves, nrook_mini_backslash
D:5:      layout_loops_ring
D:6:      layout_cave_pools, lightli_temple_of_fire, lemuel_round_altar,
          minmay_misc_feat_rows, st_stairs_11, minmay_manual_macuahuitl
D:7:      layout_loops_ring, uniq_harold
D:8:      layout_loops_ring, lemuel_coloured_pillars_altar,
          mainiacjoe_overflow_boulevard, minmay_lair_entry_grove, enter_bailey_8
Temple:   eino_temple_scatter_basement

Skill      XL: |  1  2  3  4  5  6  7  8  9 10 |
---------------+-------------------------------+-----
Axes           | 3 4 5 6 7 9 11 13 14 | 14.2
Fighting       | 4 5 6 7 |  7.1
Armour         | 4 5 6 7 |  7.2
Dodging        | 1 2 |  2.4
Shields        | 4 5 |  5.4
Stealth        | 1 |  1.2
Maces & Flails | 2 |  2.1

Action                   |  1- 3 |  4- 6 |  7- 9 | 10-12 || total
-------------------------+-------+-------+-------+-------++-------
Melee: War axe           |   106 |   143 |   150 |    23 ||   422
       Bite              |       |       |     2 |     9 ||    11
       Flail             |       |       |       |    38 ||    38
Invok: Berserk           |       |       |     4 |     1 ||     5
  Use: Potion            |       |     1 |     7 |       ||     8
 Stab: Sleeping          |       |     1 |       |       ||     1
Armor: Scale mail        |    66 |    54 |    82 |    30 ||   232
       Chain mail        |       |    14 |       |       ||    14
Dodge: Dodged            |    62 |    54 |    62 |    20 ||   198
Block: Buckler           |    38 |    31 |     3 |       ||    72
       Kite shield       |       |       |    49 |    18 ||    67
